 Dungeon Crawl Stone Soup version 0.26-a0-651-gb41185065b (webtiles) character file.

Game seed: 909082807740734947

79 kae the Ruffian (level 4, 0/38 HPs)
             Began as a Naga Transmuter on Oct 28, 2020.
             Slain by a gnoll
             ... wielding a +0 spear
              (6 damage)
             ... on level 2 of the Dungeon.
             The game lasted 00:01:39 (2575 turns).

kae the Ruffian (Naga Transmuter)                   Turns: 2575, Time: 00:01:40

Health: 0/38       AC:  2    Str: 13    XL:     4   Next: 37%
Magic:  1/7        EV: 19    Int: 13    God:
Gold:   145        SH:  0    Dex: 17    Spells: 3/7 levels left

rFire    . . .     SeeInvis +     - Unarmed
rCold    . . .     Faith    .   (shield currently unavailable)
rNeg     . . .     Spirit   .   (armour currently unavailable)
rPois    x         Reflect  .   (helmet currently unavailable)
rElec    .         Harm     .   (cloak currently unavailable)
rCorr    .         Rampage  .   (gloves currently unavailable)
MR       .....                  (no barding)
Stlth    ++........             (no amulet)
HPRegen  0.12/turn              (no ring)
MPRegen  0.10/turn              (no ring)

@: spider-form (expiring), very slightly contaminated
A: tiny, see invisible, spit poison 1, AC +1
a: Spit Poison, End Transformation


You were on level 2 of the Dungeon.
You were a venomous arachnid creature.
You visited 1 branch of the dungeon, and saw 2 of its levels.

You collected 145 gold pieces.

Inventory:

Armour
 a - a +0 robe (melded)
Scrolls
 b - 3 scrolls of identify
 c - a scroll of immolation
 d - a scroll of remove curse
Potions
 g - a potion of lignification {unknown}
 h - a potion of heal wounds {unknown}


   Skills:
 - Level 1.0 Fighting
 - Level 1.5 Dodging
 + Level 4.1 Unarmed Combat
 - Level 2.0 Spellcasting
 + Level 3.4 Transmutations


You had 3 spell levels left.
You knew the following spells:

 Your Spells              Type           Power        Failure   Level
a - Beastly Appendage     Tmut           ##....       17%         1
b - Spider Form           Tmut/Pois      #.........   58%         3

Your spell library contained the following spells:

 Spells                   Type           Power        Failure   Level
 Wereblood                Tmut           ##......     24%         2
 Ice Form                 Ice/Tmut       #.......     90%         4
 Blade Hands              Tmut           ##........   95%         5


Dungeon Overview and Level Annotations

Branches:
Dungeon (2/15)

Altars:
Nemelex Xobeh


Innate Abilities, Weirdness & Mutations

You cannot wear boots.
((Your serpentine skin is tough. (AC +1)))
You have supernaturally acute eyesight. (SInv)
((Armour fits poorly on your strangely shaped body.))
((Your system is resistant to poisons. (rPois)))
((You cover ground very slowly.))
You can spit poison.


Message History

The kobold hits you with a +0 dagger. The rat completely misses you.
The gnoll completely misses you. x2
As you read the scroll labeled YMICRUUVOT, it crumbles to dust.
The scroll dissolves into smoke.
It was a scroll of fog.
Your transformation is almost over.
You kill the gnoll!
The gnoll barely misses you. The kobold hits you but does no damage.
The rat misses you.
The gnoll hits you from afar with a +0 spear!
As you read the scroll labeled CIUZAH PESU, it crumbles to dust.
You hear a loud clanging noise!
It was a scroll of noise.
You hear an angry hiss. x2
The kobold hits you but does no damage.
The gnoll hits you from afar with a +0 halberd!
* * * LOW HITPOINT WARNING * * *
The rat bites you.
* * * LOW HITPOINT WARNING * * *
The gnoll hits you from afar with a +0 spear.
You die...

.....###### .........
.......# ......# .....#
#.## gg§§# #...
#######rY'###### ####
########sK§####### #..
##○○.°§#§§§##☼°○## #..
##○○☼§☼#§§§#§○°☼☼######..
##§§☼○§#...#§§☼☼°##...'..
##§§°○§#...#§○☼°.###.##..
##§§○§§#...##§§☼###...+..
########...#########.##..
#>......._.......>#......
########...#########.#...


You could see a sky beast, 2 gnolls, a kobold and a rat.

Vanquished Creatures
  A gnoll (D:2)
  2 adders (D:2)
  An ooze (D:1)
  2 dart slugs
  2 leopard geckos (D:1)
  2 bats (D:1)
  4 goblins (D:1)
  10 hobgoblins
  A jackal (D:1)
  7 kobolds (D:1)
  4 frilled lizards
  2 rats (D:1)
38 creatures vanquished.

Notes
Turn   | Place    | Note
-------+----------+-------------------------------------------
     0 | D:1      | kae the Naga Transmuter began the quest for the Orb.
     0 | D:1      | Reached XP level 1. HP: 18/18 MP: 3/3
   142 | D:1      | Reached XP level 2. HP: 7/25 MP: 3/5
  1024 | D:1      | Reached XP level 3. HP: 29/31 MP: 4/6
  1029 | D:1      | Learned a level 3 spell: Spider Form
  2326 | D:2      | Reached skill level 4 in Unarmed Combat
  2326 | D:2      | Reached XP level 4. HP: 28/38 MP: 5/7
  2546 | D:2      | Found a sparkling altar of Nemelex Xobeh.
  2571 | D:2      | Noticed a sky beast
  2575 | D:2      | Slain by a gnoll

Illustrated notes

Levels and vault maps discovered:
D:1:      dpeg_arrival_erosion, layout_basic, serial_park_tiny_2,
          minmay_heptomino_h4
D:2:      layout_basic, nemelex_altar_shiori, nicolae_ru_awakened_eye

Skill      XL: |  1  2  3 |
---------------+----------+-----
Transmutations | 3 |  3.4
Unarmed Combat | 4 |  4.1
Fighting       | |  1.0
Dodging        | |  1.5
Spellcasting   | |  2.0

Action                   |  1- 3 |  4- 6 || total
-------------------------+-------+-------++-------
Melee: Unarmed           |   133 |    14 ||   147
       Headbutt          |    14 |     1 ||    15
       Punch             |     1 |     1 ||     2
 Cast: Beastly Appendage |    28 |     2 ||    30
       Spider Form       |     1 |     1 ||     2
  Use: Scroll            |     1 |     3 ||     4
Armor: Robe              |    16 |     1 ||    17
Dodge: Dodged            |    76 |    24 ||   100

Table legend: (Time is in decaauts)
 A = Elapsed time spent in this place.
 B = Non-inter-level travel time spent in this place.
 C = Inter-level travel time spent in this place.
 D = Time resting spent in this place.
 E = Time spent auto-exploring this place.
 F = Levels seen in this place.
 G = Mean time per level.
                   A        B        C        D        E       F      G
               +--------+--------+--------+--------+--------+-----+--------+
         Total |   2961 |   2861 |    100 |    158 |   2350 |   2 | 1480.5 |
       Dungeon |   2961 |   2861 |    100 |    158 |   2350 |   2 | 1480.5 |
               +--------+--------+--------+--------+--------+-----+--------+

Top non-repeatable levels by time:
     D:1: 2527 daAuts
     D:2: 434 daAuts
